 Dungeon Crawl Stone Soup version 0.21.1-1-g345015f (webtiles) character file.

910 tidbits the Chiller (level 8, -1/85 HPs)
             Began as a Gnoll Ice Elementalist on Mar 24, 2018.
             Was a Follower of Cheibriados.
             Slain by Psyche
             ... wielding a +2 dagger of distortion
              (8 damage)
             ... on level 8 of the Dungeon.
             The game lasted 00:11:39 (1370 turns).

tidbits the Chiller (Gnoll Ice Elementalist)        Turns: 1370, Time: 00:11:40

Health: -1/85      AC: 31    Str: 13    XL:     8   Next: 8%
Magic:  9/16       EV:  2    Int: 21    God:    Cheibriados [*.....]
Gold:   198        SH:  0    Dex: 18    Spells: 5/18 levels left

rFire    x . .     SeeInvis .   a - +0 dagger
rCold    + . .     Gourm    .   (no shield)
rNeg     + + +     Faith    .   (armour currently unavailable)
rPois    +         Spirit   .   (helmet currently unavailable)
rElec    .         Reflect  .   (cloak currently unavailable)
rCorr    .         Harm     +   (gloves currently unavailable)
MR       .....     NoTele   +   (boots currently unavailable)
Stlth    +++.......             v - amulet of harm
HPRegen  0.24/turn              s - ring of ice
MPRegen  0.15/turn              x - ring of flight

@: icy armour, tree-form, very slightly contaminated, very slow
A: distributed training, strong nose
a: Bend Time, Renounce Religion


You were on level 8 of the Dungeon.
You worshipped Cheibriados.
Cheibriados was aware of your devotion.
You were not hungry.
You were a tree.
You visited 2 branches of the dungeon, and saw 9 of its levels.

You collected 198 gold pieces.

Inventory:

Hand Weapons
 a - a +0 dagger (weapon)
 b - a +0 lajatang
 f - a +0 long sword
 g - a +0 whip
 r - a +0 hunting sling
 t - a +0 short sword
 y - a +0 shortbow
 D - a +0 scimitar
Missiles
 i - 68 sling bullets
 k - 78 arrows
 E - 3 needles of paralysis
Armour
 n - a +0 robe (melded)
 u - a +0 shield
Jewellery
 s - a ring of ice (left branch)
   (You found it on level 6 of the Dungeon)
 v - an amulet of harm (around neck)
   (You found it on level 6 of the Dungeon)
 x - a ring of flight (right branch)
   (You found it on level 6 of the Dungeon)
Scrolls
 d - 3 scrolls of identify {unknown}
 e - a scroll of enchant weapon {unknown}
 j - a scroll of amnesia {unknown}
 l - 2 scrolls of remove curse {unknown}
 w - a scroll of blinking {unknown}
 A - a scroll of fear {unknown}
 F - a scroll of fog {unknown}
Potions
 m - 3 potions of curing
 o - a potion of invisibility {unknown}
 z - a potion of haste {unknown}
 B - a potion of might {unknown}
 C - a potion of degeneration {unknown}
Books
 p - a book of Minor Magic
   (You found it on level 5 of the Dungeon)

   Spells                             Type                      Level
   a - Magic Dart                     Conjuration                  1
   b - Blink                          Translocation                2
   c - Call Imp                       Summoning                    2
   d - Slow                           Hexes                        2
   e - Conjure Flame                  Conjuration/Fire             3
   f - Mephitic Cloud                 Conjuration/Poison/Air       3
 q - a book of Frost

   Spells                             Type                      Level
   a - Freeze                         Ice                          1
   b - Throw Frost                    Conjuration/Ice              2
   c - Ozocubu's Armour               Charms/Ice                   3
   d - Throw Icicle                   Conjuration/Ice              4
   e - Summon Ice Beast               Ice/Summoning                4
Comestibles
 c - 7 rations


   Skills:
 + Level 2.9 Fighting
 + Level 2.9 Short Blades
 + Level 2.9 Long Blades
 + Level 2.9 Axes
 + Level 2.9 Maces & Flails
 + Level 2.9 Polearms
 + Level 2.9 Staves
 + Level 2.9 Slings
 + Level 2.9 Bows
 + Level 2.9 Crossbows
 + Level 2.9 Throwing
 + Level 2.9 Armour
 + Level 5.4 Dodging
 + Level 5.1 Stealth
 + Level 2.9 Shields
 + Level 2.9 Unarmed Combat
 + Level 5.8 Spellcasting
 + Level 3.2 Conjurations
 + Level 2.3 Hexes
 + Level 2.3 Charms
 + Level 2.3 Summonings
 + Level 2.3 Necromancy
 + Level 2.3 Translocations
 + Level 2.3 Transmutations
 + Level 2.3 Fire Magic
 + Level 6.0 Ice Magic
 + Level 2.3 Air Magic
 + Level 2.3 Earth Magic
 + Level 2.3 Poison Magic
 + Level 3.2 Invocations
 + Level 2.9 Evocations


You had 5 spell levels left.
You knew the following spells:

 Your Spells              Type           Power        Failure   Level  Hunger
a - Freeze                Ice            ####         1%          1    None
c - Conjure Flame         Conj/Fire      ###.....     10%         3    ##.....
i - Throw Icicle          Conj/Ice       #####...     14%         4    ####...
j - Throw Frost           Conj/Ice       #####.       2%          2    None
o - Ozocubu's Armour      Chrm/Ice       #####...     5%          3    ##.....


Dungeon Overview and Level Annotations

Branches:
Dungeon (8/15)             Temple (1/1) D:6
   Lair: D:8-11

Altars:
Ashenzari
Cheibriados
Dithmenos
Fedhas
Gozag
Kikubaaqudgha
Makhleb
Nemelex Xobeh
Qazlal
Sif Muna
Trog
Uskayaw
Vehumet
Wu Jian
Yredelemnul
Zin
The Shining One

Annotations:
D:7 Duvessa, Menkaure
D:8 Psyche


Innate Abilities, Weirdness & Mutations

Your experience applies equally to all skills.
((You have very sharp teeth.))
Your uncanny sense of smell can sniff out nearby items.


Message History

You now have 198 gold pieces (gained 20).
Found 3 needles of paralysis.
An orc, an orc warrior and an orc wizard come into view.
The helpless orc warrior fails to defend itself.
You impale the orc warrior!!
You kill the orc warrior!
Cheibriados thoroughly appreciates the change of pace.
Your Ice Magic skill increases to level 6!
You have reached level 8!
You feel stronger.
The orc wizard shouts!
The orc shouts!
The orc hits you with a mace.
Casting: Freeze
Confirm with . or Enter, or press ? or * to list all spells.
Aiming: Freeze
Press: ? - help, Shift-Dir - straight line, f - orc wizard
Aim: an orc wizard, wielding a dagger and wearing a robe You feel a surge of power!
You freeze the orc wizard.
The orc wizard is severely wounded.
The orc wizard barely misses you. The orc misses you.
Casting: Freeze
Confirm with . or Enter, or press ? or * to list all spells.
Aiming: Freeze
Press: ? - help, Shift-Dir - straight line, f/p - orc wizard
Aim: an orc wizard, wielding a dagger and wearing a robe (severely wounded)
You feel a surge of power!
You freeze the orc wizard.
You kill the orc wizard!
Cheibriados appreciates the change of pace.
The orc misses you.
Casting: Freeze
Confirm with . or Enter, or press ? or * to list all spells.
Aiming: Freeze
Press: ? - help, Shift-Dir - straight line, f - orc
Aim: an orc, wielding a mace and wearing a ring mail You feel a surge of power!
You freeze the orc.
You kill the orc!
Cheibriados appreciates the change of pace.
Things that are here:
a scimitar; a plate armour; an orc corpse
D - a scimitar
Things that are here:
a dagger; a robe; an orc corpse
Things that are here:
a mace; a ring mail You see here 3 needles of paralysis.
E - 3 needles of paralysis
Found a basalt altar of Yredelemnul.
Found a stone staircase leading down.
Found a scroll labeled QUFAOB BUYHIU.
Unknown command. 2 orcs come into view.
An orc priest comes into view. It is wielding a club.
You see here a scroll labeled QUFAOB BUYHIU.
F - a scroll labeled QUFAOB BUYHIU Unknown command.
There is a stone staircase leading down here.
You climb downwards.
A jelly, a centaur and Psyche come into view.
Psyche is wielding a dagger of distortion.
The centaur shouts!
There is a stone staircase leading up here.
The centaur wields a shortbow.
The centaur shoots an arrow.
The arrow hits you!
The jelly quivers.
You see here an arrow.
The centaur shoots an arrow.
The arrow hits you!
Okay, then.
Casting: Freeze
Confirm with . or Enter, or press ? or * to list all spells.
You feel a surge of power!
You miscast Ozocubu's Armour.
You are very lightly contaminated with residual magic.
Frost covers your body.
Psyche points at you and mumbles some strange words.
The puff of flame hits you! The fire burns you terribly!
* * * LOW HITPOINT WARNING * * *
The centaur shoots an arrow.
The arrow barely misses you.
The centaur shoots an arrow.
The arrow closely misses you.
Casting: Ozocubu's Armour
Confirm with . or Enter, or press ? or * to list all spells.
You feel a surge of power! A film of ice covers your body!
The centaur shoots an arrow.
The arrow hits you but does no damage.
Psyche shouts, "I hope that you are sorry for that!"
Okay, then.
Casting: Ozocubu's Armour
Confirm with . or Enter, or press ? or * to list all spells.
Aiming: Freeze
Press: ? - help, Shift-Dir - straight line, f - Psyche
Aim: Psyche, wielding a dagger of distortion and wearing a robe You feel a surge of power!
You freeze Psyche.
Psyche is lightly wounded.
The centaur shoots an arrow.
The arrow hits you.
* * * LOW HITPOINT WARNING * * *
Psyche hits you but does no damage. Space bends around you.
* * * LOW HITPOINT WARNING * * *
You turn into a tree.
Your +0 robe melds into your body.
Your roots penetrate the ground.
The centaur shoots an arrow.
The arrow barely misses you. Psyche hits you but does no damage.
Space bends around you.
You die...

#..............
#..............
#..............
#.............
##............#
........c....#
#...J......#
#..@.<..#
##.♣(.###
#(#### ##


You could see Psyche, a centaur and a jelly.

Vanquished Creatures
  An orc warrior (D:7)
  An ogre (D:5)
  2 centaurs (D:6)
  A bullfrog (D:6)
  2 scorpions
  2 crimson imps
  A bullfrog skeleton (D:5)
  2 hounds (D:5)
  3 orc wizards
  4 worker ants
  A gnoll (D:3)
  2 adders
  An ooze (D:1)
  An adder skeleton (D:5)
  A dart slug (D:1)
  3 leopard geckos
  5 orcs
  4 giant cockroaches
  2 goblins (D:2)
  A hobgoblin (D:2)
  8 bats
  A frilled lizard (D:1)
  2 kobolds (D:2)
  A quokka zombie (D:6)
  4 rats
56 creatures vanquished.

Notes
Turn   | Place    | Note
-------+----------+-------------------------------------------
     0 | D:1      | tidbits the Gnoll Ice Elementalist began the quest for the Orb.
     0 | D:1      | Reached XP level 1. HP: 13/13 MP: 6/6
   218 | D:1      | Reached skill level 2 in Conjurations
   231 | D:1      | Reached XP level 2. HP: 14/20 MP: 1/7
   235 | D:1      | Learned a level 2 spell: Throw Frost
   375 | D:2      | Reached XP level 3. HP: 23/25 MP: 6/9
   380 | D:2      | Learned a level 3 spell: Ozocubu's Armour
   393 | D:2      | Reached skill level 5 in Spellcasting
   580 | D:2      | Found an ancient bone altar of Kikubaaqudgha.
   610 | D:3      | Reached skill level 1 in Invocations
   644 | D:4      | Reached skill level 1 in Fighting
   644 | D:4      | Reached skill level 1 in Short Blades
   644 | D:4      | Reached skill level 1 in Long Blades
   644 | D:4      | Reached skill level 1 in Axes
   644 | D:4      | Reached skill level 1 in Maces & Flails
   644 | D:4      | Reached skill level 1 in Polearms
   644 | D:4      | Reached skill level 1 in Staves
   644 | D:4      | Reached skill level 1 in Slings
   644 | D:4      | Reached skill level 1 in Bows
   644 | D:4      | Reached skill level 1 in Crossbows
   644 | D:4      | Reached skill level 1 in Throwing
   644 | D:4      | Reached skill level 1 in Armour
   644 | D:4      | Reached skill level 1 in Shields
   644 | D:4      | Reached skill level 1 in Unarmed Combat
   644 | D:4      | Reached skill level 1 in Evocations
   645 | D:4      | Noticed a scorpion
   648 | D:4      | Killed a scorpion
   648 | D:4      | Reached skill level 1 in Hexes
   648 | D:4      | Reached skill level 1 in Charms
   648 | D:4      | Reached skill level 1 in Summonings
   648 | D:4      | Reached skill level 1 in Necromancy
   648 | D:4      | Reached skill level 1 in Translocations
   648 | D:4      | Reached skill level 1 in Transmutations
   648 | D:4      | Reached skill level 1 in Fire Magic
   648 | D:4      | Reached skill level 1 in Air Magic
   648 | D:4      | Reached skill level 1 in Earth Magic
   648 | D:4      | Reached skill level 1 in Poison Magic
   648 | D:4      | Reached XP level 4. HP: 32/32 MP: 8/11
   654 | D:4      | Learned a level 4 spell: Throw Icicle
   673 | D:5      | Entered Level 5 of the Dungeon
   697 | D:5      | Learned a level 3 spell: Conjure Flame
   711 | D:5      | Noticed an ogre
   716 | D:5      | Killed an ogre
   716 | D:5      | Reached XP level 5. HP: 14/37 MP: 6/12
   753 | D:6      | Found a staircase to the Ecumenical Temple.
   760 | Temple   | Entered the Ecumenical Temple
   784 | Temple   | Became a worshipper of Cheibriados the Contemplative
   855 | D:7      | Noticed Menkaure
   859 | D:7      | Noticed Duvessa
   879 | D:6      | Reached skill level 2 in Invocations
   879 | D:6      | Reached XP level 6. HP: 21/44 MP: 9/13
   898 | D:6      | Reached skill level 2 in Fighting
   898 | D:6      | Reached skill level 2 in Short Blades
   898 | D:6      | Reached skill level 2 in Long Blades
   898 | D:6      | Reached skill level 2 in Axes
   898 | D:6      | Reached skill level 2 in Maces & Flails
   898 | D:6      | Reached skill level 2 in Polearms
   898 | D:6      | Reached skill level 2 in Staves
   898 | D:6      | Reached skill level 2 in Slings
   898 | D:6      | Reached skill level 2 in Bows
   898 | D:6      | Reached skill level 2 in Crossbows
   898 | D:6      | Reached skill level 2 in Throwing
   898 | D:6      | Reached skill level 2 in Armour
   898 | D:6      | Reached skill level 5 in Dodging
   898 | D:6      | Reached skill level 2 in Shields
   898 | D:6      | Reached skill level 2 in Unarmed Combat
   898 | D:6      | Reached skill level 2 in Evocations
  1051 | D:5      | Reached XP level 7. HP: 31/50 MP: 11/15
  1075 | D:5      | Found a sparkling altar of Nemelex Xobeh.
  1178 | D:6      | Reached skill level 2 in Hexes
  1178 | D:6      | Reached skill level 2 in Charms
  1178 | D:6      | Reached skill level 2 in Summonings
  1178 | D:6      | Reached skill level 2 in Necromancy
  1178 | D:6      | Reached skill level 2 in Translocations
  1178 | D:6      | Reached skill level 2 in Transmutations
  1178 | D:6      | Reached skill level 2 in Fire Magic
  1178 | D:6      | Reached skill level 2 in Air Magic
  1178 | D:6      | Reached skill level 2 in Earth Magic
  1178 | D:6      | Reached skill level 2 in Poison Magic
  1179 | D:6      | Reached skill level 3 in Conjurations
  1200 | D:6      | Reached * piety under Cheibriados
  1200 | D:6      | Reached skill level 5 in Stealth
  1222 | D:6      | Found an ornate altar of the Wu Jian Council.
  1269 | D:6      | Reached skill level 3 in Invocations
  1306 | D:7      | Reached skill level 6 in Ice Magic
  1306 | D:7      | Reached XP level 8. HP: 56/57 MP: 16/16
  1330 | D:7      | Found a basalt altar of Yredelemnul.
  1364 | D:8      | Noticed Psyche
  1369 | D:8      | HP: 5/57 [Psyche/dagger of distortion (6)]
  1370 | D:8      | Slain by Psyche

Skill      XL: |  1  2  3  4  5  6  7 |
---------------+----------------------+-----
Conjurations   | 2 3 |  3.2
Spellcasting   | 5 |  5.8
Invocations    | 1 2 3 |  3.2
Fighting       | 1 2 |  2.9
Short Blades   | 1 2 |  2.9
Long Blades    | 1 2 |  2.9
Axes           | 1 2 |  2.9
Maces & Flails | 1 2 |  2.9
Polearms       | 1 2 |  2.9
Staves         | 1 2 |  2.9
Slings         | 1 2 |  2.9
Bows           | 1 2 |  2.9
Crossbows      | 1 2 |  2.9
Throwing       | 1 2 |  2.9
Armour         | 1 2 |  2.9
Shields        | 1 2 |  2.9
Unarmed Combat | 1 2 |  2.9
Evocations     | 1 2 |  2.9
Hexes          | 1 2 |  2.3
Charms         | 1 2 |  2.3
Summonings     | 1 2 |  2.3
Necromancy     | 1 2 |  2.3
Translocations | 1 2 |  2.3
Transmutations | 1 2 |  2.3
Fire Magic     | 1 2 |  2.3
Air Magic      | 1 2 |  2.3
Earth Magic    | 1 2 |  2.3
Poison Magic   | 1 2 |  2.3
Dodging        | 5 |  5.4
Stealth        | 5 |  5.1
Ice Magic      | 6 |  6.0

Action                   |  1- 3 |  4- 6 |  7- 9 || total
-------------------------+-------+-------+-------++-------
Melee: Unarmed           |     3 |       |     9 ||    12
       Short sword       |     6 |       |       ||     6
       Whip              |     2 |       |       ||     2
       Lajatang          |       |     7 |     1 ||     8
       Dagger            |       |     2 |     4 ||     6
 Cast: Freeze            |    34 |    25 |    16 ||    75
       Throw Frost       |       |       |     4 ||     4
       Ozocubu's Armour  |       |       |     1 ||     1
  Use: Potion            |       |     2 |     2 ||     4
 Stab: Sleeping          |     9 |     2 |     3 ||    14
  Eat: Chunk             |       |       |     1 ||     1
Armor: Robe              |     9 |     3 |     3 ||    15
       Skin              |       |       |    10 ||    10
Dodge: Dodged            |    22 |    21 |    18 ||    61

Table legend:
 A = Turns spent in this place as a percentage of turns spent in the entire game.
 B = Non-inter-level travel turns spent in this place as a percentage of non-inter-level travel turns spent in the entire game.
 C = Inter-level travel turns spent in this place as a percentage of turns spent in this place.
 D = Turns resting spent in this place as a percentage of non-inter-level travel turns spent in this place.
 E = Turns spent auto-exploring this place as a percentage of non-inter-level travel turns spent in this place.
 F = Non-inter-level travel turns spent in this place divided by the number of levels of this place that you've seen.
                   A       B       C       D       E      F
               +-------+-------+-------+-------+-------+----------------------
         Total | 100.0 | 100.0 |   4.5 |   0.0 |   0.0 | 145.3
       Dungeon |  97.1 |  98.0 |   3.6 |   0.0 |   0.0 | 160.2
        Temple |   2.9 |   2.0 |  35.0 |   0.0 |   0.0 |  26.0
               +-------+-------+-------+-------+-------+----------------------

Table legend:
 A = Kills in this place as a percentage of kills in entire the game.
 B = Kills by you in this place as a percentage of kills by you in the entire game.
 C = Kills by friends in this place as a percentage of kills by friends in the entire game.
 D = Other kills in this place as a percentage of other kills in the entire game.
 E = Experience gained in this place as a percentage of experience gained in the entire game.
 F = Experience gained in this place divided by the number of levels of this place that you have seen.
                   A       B       C       D       E      F
               +-------+-------+-------+-------+-------+----------------------
         Total | 100.0 | 100.0 |   N/A |   N/A | 100.0 | 144.6
       Dungeon | 100.0 | 100.0 |   N/A |   N/A | 100.0 | 162.6
               +-------+-------+-------+-------+-------+----------------------

Vault maps used:
D:1:      dpeg_arrival_radiant, grunt_decor_one_mirror
D:2:      kiku_gazebo_pond_becter, minmay_octomino_j4
D:3:      gammafunk_temple_overflow_statue, nicolae_qazlal_style_of_elements,
          uniq_jessica
D:4:      lemuel_doored_altar
D:5:      nemelex_altar_shiori, first_ration, trog_eyes_of_draining
D:6:      nicolae_ru_sacrificial_ziggurat, lemuel_crystal_altar,
          minmay_temple_entry_junction, lemuel_statue_altar
D:7:      marbit_many_paths, uniq_menkaure, uniq_duvessa
D:8:      kennysheep_mini, minmay_the_grid_2x2, uniq_psyche,
          uniq_prince_ribbit1, uniq_pikel
Temple:   cyrus_circular_temple
